[Event "Early Titled Tuesday Blitz | February 8 2022"]
[White "Pesotskiy, Mikhail"]
[Black "Ardila, Oscar Humberto"]
[WhiteFideId "34164453"]
[BlackFideId "4404742"]
[WhiteElo "2010"]
[BlackElo "1898"]
[Result "1-0"]
[Round "02"]
[TimeControl "180+1"]
[Date "2022.02.08"]
[WhiteClock "0:01:21"]
[BlackClock "0:00:15"]

1. d4 Nf6 2. c4 e6 3. Nc3 c5 4. d5 exd5 5. cxd5 d6 6. e4 Nbd7 7. Nf3 Be7 8. Bd3 O-O 9. O-O a6 10. a4 Qc7 11. Qe2 Ng4 12. Bf4 Bf6 13. h3 Nge5 14. Nxe5 Nxe5 15. Bh2 Nxd3 16. Qxd3 c4 17. Qe2 Re8 18. f4 Qb6+ 19. Kh1 Qc7 20. Rad1 Bd7 21. e5 dxe5 22. d6 Qa5 23. fxe5 Bxe5 24. Rd5 Bxc3 25. Qd1 Qb6 26. bxc3 Bc6 27. d7 Rf8 28. Rd4 Qb2 29. Qg4 h5 30. Qg5 Qxc3 31. d8=Q Raxd8 32. Rxd8 Rxd8 33. Qxd8+ Kh7 34. Qh4 Qd3 35. Qxh5+ Kg8 36. Qxf7+ Kh7 37. Qf5+ Qxf5 38. Rxf5 Bxa4 39. Be5 Kg6 40. Rf4 b5 41. Bc3 Bd1 42. Rd4 Be2 43. Rd6+ Kf5 44. Rxa6 Ke4 45. Rd6 g6 46. Kg1 g5 47. Kf2 Bd3 48. Rd4+ Kf5 49. Rd5+ Ke4 50. Re5+ Kf4 51. g3# 1-0


[Site "https://www.chess.com"]

[Event "Early Titled Tuesday Blitz | February 8 2022"]
[White "Pinheiro, Iung Alicio de O."]
[Black "Hess, Robert"]
[WhiteFideId "2104350"]
[BlackFideId "2022036"]
[WhiteElo "2607"]
[BlackElo "2557"]
[Result "0-1"]
[Round "02"]
[TimeControl "180+1"]
[Date "2022.02.08"]
[WhiteClock "0:00:11"]
[BlackClock "0:00:08"]

1. e4 g6 2. d4 Bg7 3. Nc3 a6 4. Be3 b5 5. h4 h6 6. h5 g5 7. f4 gxf4 8. Bxf4 d6 9. Be2 Nc6 10. d5 Nd4 11. Be3 c5 12. dxc6 Nxc6 13. Nf3 Bxc3+ 14. bxc3 Nf6 15. Nd4 Ne5 16. Bd3 Bb7 17. Rh4 e6 18. Bf2 Qc7 19. Qd2 Nfg4 20. Bg3 Rc8 21. Bxb5+ axb5 22. Nxb5 Qb6 23. Nxd6+ Ke7 24. Nxc8+ Rxc8 25. O-O-O Nc4 26. Qd7+ Kf8 27. Bd6+ Nxd6 28. Qxd6+ Qxd6 29. Rxd6 Ne5 30. Rb6 Bc6 31. Rf4 Ke7 32. a3 Rg8 33. g4 Rg5 34. Ra6 Kd6 35. a4 Rxg4 36. Rxg4 Nxg4 37. a5 Ne5 38. Ra7 Bxe4 39. a6 Kc5 40. Rc7+ Kb6 41. Rc8 Kxa6 42. Rh8 Ng4 43. Kd2 f5 44. Re8 Bd5 45. Rg8 Kb5 46. Rg6 Kc5 47. Kd3 e5 48. Rg7 e4+ 49. Kd2 Kd6 50. Rg6+ Ke5 51. c4 Bxc4 52. Rc6 e3+ 53. Ke1 Bd5 54. Rc8 f4 55. Re8+ Kd4 56. Rf8 f3 57. Rf4+ Kc3 58. Rxg4 f2+ 59. Ke2 Bc4+ 60. Rxc4+ Kxc4 61. Kf1 Kc3 62. Ke2 Kxc2 63. Kf1 Kd1 64. Kg2 e2 65. Kxf2 e1=Q+ 66. Kf3 Qh1+ 67. Kg4 Ke2 68. Kf5 Qxh5+ 0-1


[Site "https://www.chess.com"]

[Event "Early Titled Tuesday Blitz | February 8 2022"]
[White "Pires, Marcos Vinicius Torsani"]
[Black "Warchol, Kamil"]
[WhiteFideId "2118939"]
[BlackFideId "21858241"]
[WhiteElo "2273"]
[BlackElo "1905"]
[Result "0-1"]
[Round "02"]
[TimeControl "180+1"]
[Date "2022.02.08"]
[WhiteClock "0:00:16"]
[BlackClock "0:00:13"]

1. d4 d6 2. Bf4 Bg4 3. c4 Nd7 4. Qb3 e5 5. dxe5 dxe5 6. Bg3 Nc5 7. Qc2 e4 8. Nc3 Nf6 9. Rd1 Qc8 10. h3 Bf5 11. Qc1 c6 12. b4 Ne6 13. a3 a5 14. Qb2 Nh5 15. Bh2 Nf6 16. e3 Be7 17. Nge2 O-O 18. Nf4 axb4 19. axb4 Rd8 20. Be2 Rxd1+ 21. Bxd1 Qd8 22. O-O Qb6 23. b5 Nc5 24. Be2 Qa5 25. bxc6 bxc6 26. Rb1 h6 27. g4 Bh7 28. Bg3 Nd3 29. Bxd3 exd3 30. Rd1 Bb4 31. Nb1 Rd8 32. Nh5 Nxh5 33. gxh5 Bf8 34. Be5 f6 35. Bc3 Qxh5 36. Qb6 Qxd1+ 37. Kg2 Re8 38. Qxc6 Be4+ 0-1


[Site "https://www.chess.com"]

[Event "Early Titled Tuesday Blitz | February 8 2022"]
[White "Pniaczek, Marek"]
[Black "Kovalev, Vladislav"]
[WhiteFideId "21800421"]
[BlackFideId "13504398"]
[WhiteElo "2138"]
[BlackElo "2530"]
[Result "0-1"]
[Round "02"]
[TimeControl "180+1"]
[Date "2022.02.08"]
[WhiteClock "0:00:13"]
[BlackClock "0:02:11"]

1. e4 e5 2. Nf3 Nc6 3. Bc4 Nf6 4. d4 exd4 5. e5 d5 6. Bb5 Nd7 7. O-O Be7 8. Nxd4 Nxd4 9. Qxd4 c6 10. Bd3 Nc5 11. Nc3 Nxd3 12. Qxd3 O-O 13. f4 g6 14. Be3 Bf5 15. Qd2 Qd7 16. h3 h5 17. Ne2 c5 18. Ng3 d4 19. Bf2 h4 20. Nxf5 Qxf5 21. Rae1 Rad8 22. e6 fxe6 23. Re5 Qxf4 24. Qxf4 Rxf4 25. Rxe6 Kf7 26. Rfe1 Bf6 27. g3 hxg3 28. Bxg3 Rf5 29. Kg2 d3 30. cxd3 Rxd3 31. Bb8 Rd2+ 32. R6e2 Rxe2+ 33. Rxe2 a6 34. Bg3 c4 35. b3 c3 36. b4 Rd5 37. Bf4 Rd4 38. Rf2 Ke6 39. a3 g5 40. Be3 Rd3 41. Bc5 Rd2 42. Kf3 Rxf2+ 43. Bxf2 c2 44. Be3 Bb2 45. Bxg5 Bxa3 46. Bc1 Bxc1 0-1


[Site "https://www.chess.com"]

[Event "Early Titled Tuesday Blitz | February 8 2022"]
[White "Ponkratov, Pavel"]
[Black "Haddouche, Mohamed"]
[WhiteFideId "4157800"]
[BlackFideId "7900660"]
[WhiteElo "2487"]
[BlackElo "2443"]
[Result "1-0"]
[Round "02"]
[TimeControl "180+1"]
[Date "2022.02.08"]
[WhiteClock "0:01:49"]
[BlackClock "0:00:01"]

1. d4 Nf6 2. c4 d6 3. Nc3 g6 4. e4 Bg7 5. f4 O-O 6. Nf3 c5 7. d5 e6 8. dxe6 fxe6 9. Bd3 Nc6 10. O-O Qe7 11. Qe1 Nh5 12. Ng5 Nd4 13. Bd2 h6 14. Nh3 Bd7 15. e5 dxe5 16. Bxg6 Nxf4 17. Nxf4 exf4 18. Nd5 Qg5 19. Bxf4 Rxf4 20. Nxf4 e5 21. h4 Qf6 22. Nd5 Qd8 23. Bd3 e4 24. Qxe4 1-0


[Site "https://www.chess.com"]

[Event "Early Titled Tuesday Blitz | February 8 2022"]
[White "Poormosavi, Seyed Kian"]
[Black "Dahanayake, Isara Banidu"]
[WhiteFideId "12585807"]
[BlackFideId "9932631"]
[WhiteElo "2116"]
[BlackElo "1394"]
[Result "1-0"]
[Round "02"]
[TimeControl "180+1"]
[Date "2022.02.08"]
[WhiteClock "0:01:50"]
[BlackClock "0:00:36"]

1. e4 c5 2. Nf3 d6 3. c3 Nf6 4. Be2 Nc6 5. d4 cxd4 6. cxd4 d5 7. e5 Ne4 8. O-O g6 9. Ne1 h6 10. h4 Qb6 11. Nc2 Bf5 12. g4 Be6 13. Kg2 h5 14. f3 hxg4 15. fxe4 dxe4 16. Nc3 Rd8 17. d5 Nxe5 18. Be3 Qxb2 19. Bd4 Bg7 20. Nb5 Rxd5 21. Nc7+ Kf8 22. Nxe6+ 1-0


[Site "https://www.chess.com"]

[Event "Early Titled Tuesday Blitz | February 8 2022"]
[White "Quintiliano Pinto, Renato R."]
[Black "Niemann, Hans Moke"]
[WhiteFideId "2117568"]
[BlackFideId "2093596"]
[WhiteElo "2439"]
[BlackElo "2636"]
[Result "0-1"]
[Round "02"]
[TimeControl "180+1"]
[Date "2022.02.08"]
[WhiteClock "0:00:22"]
[BlackClock "0:00:13"]

1. Nf3 Nf6 2. c4 b6 3. g3 Bb7 4. Bg2 g6 5. O-O Bg7 6. d3 d5 7. cxd5 Nxd5 8. e4 Nb4 9. Qa4+ N8c6 10. d4 Qd7 11. d5 Nd4 12. Qxb4 Nc2 13. Qc4 Nxa1 14. Bf4 c6 15. Qe2 cxd5 16. exd5 Bxd5 17. Ne5 Bxe5 18. Qxe5 f6 19. Qxd5 Qxd5 20. Bxd5 Rc8 21. Na3 Nc2 22. Rc1 Rc5 23. Nxc2 Rxd5 24. Nb4 Rc5 25. Re1 Kf7 26. Be3 Rc4 27. Nd5 Rd8 28. Nc3 e5 29. h4 Ke6 30. Kf1 Rd6 31. a3 a6 32. Re2 b5 33. Kg2 Rd3 34. f3 h5 35. Ne4 Rd5 36. Bd2 Rc2 37. Kf2 Rxb2 38. Bb4 Rxe2+ 39. Kxe2 f5 40. Nc5+ Kd6 41. Nxa6+ Kc6 42. Nb8+ Kb7 0-1


[Site "https://www.chess.com"]

[Event "Early Titled Tuesday Blitz | February 8 2022"]
[White "Rakhmanov, Aleksandr"]
[Black "Kuzmin, Roman"]
[WhiteFideId "4173708"]
[BlackFideId "44134932"]
[WhiteElo "2500"]
[BlackElo "1978"]
[Result "1-0"]
[Round "02"]
[TimeControl "180+1"]
[Date "2022.02.08"]
[WhiteClock "0:00:12"]
[BlackClock "0:00:21"]

1. c4 e5 2. Nf3 Nc6 3. d4 exd4 4. Nxd4 Nf6 5. Nxc6 bxc6 6. g3 Bb4+ 7. Bd2 Bxd2+ 8. Qxd2 O-O 9. Bg2 Rb8 10. Nc3 c5 11. O-O d6 12. e4 Bb7 13. Rfe1 Nd7 14. f4 Re8 15. Rad1 Bc6 16. e5 Bxg2 17. Kxg2 Nb6 18. b3 dxe5 19. Qxd8 Rbxd8 20. Rxe5 Kf8 21. Rxd8 Rxd8 22. Rxc5 Rd2+ 23. Kh3 Rc2 24. Ne4 Rxa2 25. Rxc7 Rb2 26. Nd6 f6 27. Rf7+ Kg8 28. Rxa7 Rxb3 29. c5 Nc8 30. Ra8 Rc3 31. Rxc8# 1-0


[Site "https://www.chess.com"]

[Event "Early Titled Tuesday Blitz | February 8 2022"]
[White "Rangel, Daniel"]
[Black "Agasarov, Benik"]
[WhiteFideId "2124475"]
[BlackFideId "13314823"]
[WhiteElo "2187"]
[BlackElo "2597"]
[Result "1-0"]
[Round "02"]
[TimeControl "180+1"]
[Date "2022.02.08"]
[WhiteClock "0:00:25"]
[BlackClock "0:00:44"]

1. c4 e5 2. g3 Nc6 3. Bg2 Nf6 4. Nf3 Bc5 5. O-O O-O 6. Nxe5 Nxe5 7. d4 Bxd4 8. Qxd4 d6 9. Nc3 h6 10. Nd5 Nxd5 11. cxd5 Qf6 12. Be3 Re8 13. Rac1 Qe7 14. h3 Bf5 15. Rc3 Qd7 16. g4 Bh7 17. Bf4 Ng6 18. Bg3 Rxe2 19. Rfc1 Rc8 20. Qxa7 Rxb2 21. Rxc7 Rxc7 22. Qb8+ Qc8 23. Qxc8+ Rxc8 24. Rxc8+ Nf8 25. Bxd6 Bd3 26. Rxf8+ Kh7 27. Rxf7 Rxa2 28. Be5 Kg8 29. Rxg7+ Kf8 30. Rxb7 h5 31. gxh5 Re2 32. Bg3 Kg8 33. d6 Bf5 34. Bd5+ Kh8 35. Re7 Rxe7 36. dxe7 Bd7 37. Bf7 Kg7 38. e8=Q Bxe8 39. Bxe8 Kh7 40. Bg6+ Kg7 41. Bf4 Kf6 42. Be4 Kg7 43. h6+ Kg8 44. h7+ Kf7 45. h8=Q Ke7 46. Qh7+ Ke6 47. Qg6+ Kd7 48. Qd6+ Ke8 49. Qc7 Kf8 50. Bd6+ Kg8 51. Bd5+ Kh8 52. Be5# 1-0


[Site "https://www.chess.com"]

[Event "Early Titled Tuesday Blitz | February 8 2022"]
[White "Rasulov, Vugar"]
[Black "Xiong, Jeffery"]
[WhiteFideId "13402390"]
[BlackFideId "2047640"]
[WhiteElo "2560"]
[BlackElo "2727"]
[Result "0-1"]
[Round "02"]
[TimeControl "180+1"]
[Date "2022.02.08"]
[WhiteClock "0:00:17"]
[BlackClock "0:00:08"]

1. d4 Nf6 2. c4 c5 3. d5 b5 4. f3 g6 5. e4 d6 6. Ne2 Bg7 7. cxb5 a6 8. Nec3 O-O 9. a4 e6 10. Na3 exd5 11. Nxd5 Nxe4 12. g3 Nf6 13. Be2 Re8 14. Bg5 Bb7 15. Bxf6 Bxf6 16. Nxf6+ Qxf6 17. O-O Qxb2 18. Bc4 d5 19. Ra2 Qd4+ 20. Qxd4 cxd4 21. Bd3 Nd7 22. Rd1 Nc5 23. bxa6 Bxa6 24. Bxa6 Rxa6 25. Nb5 Rxa4 26. Rxa4 Nxa4 27. Rxd4 Nb6 28. Nc7 Rd8 29. Kf2 Rd7 30. Nb5 Kg7 31. g4 g5 32. f4 h6 33. Kf3 Kf6 34. Nc3 Ke6 35. Rd3 Rc7 36. Nb5 Rc4 37. Nd4+ Kf6 38. Kg3 Nd7 39. fxg5+ hxg5 40. Nf3 Ne5 41. Nxe5 Kxe5 42. Re3+ Re4 43. Ra3 Rb4 44. Re3+ Kd6 45. Rf3 Ke6 46. Re3+ Re4 47. Ra3 f6 48. h3 Ke5 49. Kf3 Rf4+ 50. Kg3 Rb4 51. Kf3 Rb1 52. Re3+ Kd6 53. Re8 Rb3+ 54. Kg2 Rd3 55. Rd8+ Ke5 56. Re8+ Kf4 57. Re6 Rd2+ 58. Kf1 Kg3 59. Rxf6 Kxh3 60. Ke1 Rd4 61. Ke2 Kxg4 62. Ke3 Rf4 63. Rd6 d4+ 64. Kd3 Kf3 65. Rg6 g4 66. Rg8 g3 0-1


[Site "https://www.chess.com"]

[Event "Early Titled Tuesday Blitz | February 8 2022"]
[White "Ratnakaran, K."]
[Black "Mirzanurov, Bulat"]
[WhiteFideId "5005507"]
[BlackFideId "4184521"]
[WhiteElo "2391"]
[BlackElo "2116"]
[Result "1-0"]
[Round "02"]
[TimeControl "180+1"]
[Date "2022.02.08"]
[WhiteClock "0:02:18"]
[BlackClock "0:01:46"]

1. e4 c5 2. Nf3 d6 3. c3 Nf6 4. h3 Nc6 5. Bd3 e5 6. O-O d5 7. exd5 Qxd5 8. Bb5 Bd6 9. Re1 O-O 10. d3 Bc7 11. Bg5 Nd7 12. Nbd2 a6 13. Bc4 Qd6 14. Ne4 Qg6 15. Nh4 Kh8 16. Nxg6+ hxg6 17. Qg4 Nf6 18. Qh4+ Nh7 19. Be7 Nxe7 20. Ng5 Bd8 21. Qxh7# 1-0


[Site "https://www.chess.com"]

[Event "Early Titled Tuesday Blitz | February 8 2022"]
[White "Reprintsev, Alexander"]
[Black "Zaichenko, Daria"]
[WhiteFideId "14100541"]
[BlackFideId "4197453"]
[WhiteElo "2126"]
[BlackElo "2039"]
[Result "0-1"]
[Round "02"]
[TimeControl "180+1"]
[Date "2022.02.08"]
[WhiteClock "0:00:13"]
[BlackClock "0:00:11"]

1. e4 c6 2. b3 d5 3. Qe2 Nd7 4. Bb2 e6 5. h4 dxe4 6. Nc3 Ngf6 7. Nxe4 Nxe4 8. Qxe4 Nf6 9. Qf3 Be7 10. O-O-O Qa5 11. Kb1 Bd7 12. Nh3 O-O-O 13. Ng5 Rhf8 14. Bd3 c5 15. Nxh7 Bc6 16. Qg3 Nxh7 17. Bxh7 g6 18. h5 Bd6 19. Qh4 Rd7 20. hxg6 fxg6 21. Bxg6 Be7 22. Qh3 Rxf2 23. Qxe6 Rxd2 24. Rxd2 Qxd2 25. Bf5 Kc7 26. Be5+ Kb6 27. Qc4 Bb5 28. Qe6+ Bc6 29. Bd3 Qxg2 30. Re1 Bh4 31. Rf1 Rxd3 32. Rc1 Rd7 33. Bb8 Bg5 34. Re1 Qd5 35. Qe2 Qf5 36. a4 a5 37. Rf1 Qd5 38. Rg1 Bf6 39. Rf1 Qd4 40. Rxf6 Qxf6 41. Ka2 Qc3 42. Qh2 Rd2 43. Qc7+ Ka6 44. Qh7 Rxc2+ 45. Kb1 Qb2# 0-1


[Site "https://www.chess.com"]

[Event "Early Titled Tuesday Blitz | February 8 2022"]
[White "Roebers, Jan"]
[Black "Idrisov, Ildar F"]
[WhiteFideId "1007815"]
[BlackFideId "4151020"]
[WhiteElo "2125"]
[BlackElo "2209"]
[Result "0-1"]
[Round "02"]
[TimeControl "180+1"]
[Date "2022.02.08"]
[WhiteClock "0:00:01"]
[BlackClock "0:00:08"]

1. e4 d5 2. exd5 Qxd5 3. Nc3 Qd6 4. Nf3 a6 5. g3 Nf6 6. Bg2 e5 7. d4 exd4 8. Qxd4 Nc6 9. Qxd6 Bxd6 10. O-O O-O 11. Bg5 Bf5 12. Rac1 Rfe8 13. Nd1 Ne4 14. Be3 Nb4 15. a3 Nd5 16. Bd4 c5 17. Ne3 Nxe3 18. Bxe3 Bg4 19. h3 Bh5 20. g4 Bg6 21. Nh4 Rad8 22. Nxg6 hxg6 23. Rcd1 f5 24. Bxe4 fxe4 25. Kg2 Be5 26. c3 c4 27. f4 exf3+ 28. Kxf3 Bf6 29. Bd4 Kf7 30. Bxf6 gxf6 31. Rxd8 Rxd8 32. Ke3 Rd3+ 33. Ke4 Rxh3 34. Rf2 Rd3 35. Rh2 b5 36. Rh7+ Ke6 37. Ra7 Rd6 38. a4 bxa4 39. Rc7 Rb6 40. Rxc4 Rxb2 41. Rxa4 Rb6 42. c4 Rc6 43. Kd4 f5 44. gxf5+ gxf5 45. c5 Kd7 46. Kd5 Rf6 47. Rh4 f4 48. Rh7+ Kc8 49. Rh8+ Kd7 50. Rh7+ Ke8 51. Rh8+ Ke7 52. Rh7+ Rf7 53. Rxf7+ Kxf7 54. Kd6 f3 55. c6 f2 56. c7 f1=Q 57. c8=Q Qf4+ 58. Kd5 Qd2+ 59. Ke4 Qb4+ 60. Kd3 Qb5+ 0-1


[Site "https://www.chess.com"]

[Event "Early Titled Tuesday Blitz | February 8 2022"]
[White "Roman, Rodrigo"]
[Black "Przybylski, Wojciech"]
[WhiteFideId "3701220"]
[BlackFideId "1117599"]
[WhiteElo "2001"]
[BlackElo "2133"]
[Result "0-1"]
[Round "02"]
[TimeControl "180+1"]
[Date "2022.02.08"]
[WhiteClock "0:00:04"]
[BlackClock "0:00:09"]

1. h3 e5 2. a3 d5 3. e3 Bd6 4. d3 Be6 5. Ke2 Ne7 6. Ke1 Nd7 7. Be2 c5 8. Qd2 f5 9. Qd1 O-O 10. Nd2 f4 11. e4 Nf6 12. Ngf3 Nc6 13. c3 Rc8 14. Qc2 b5 15. exd5 Bxd5 16. Ne4 Be7 17. Bd2 c4 18. Nxf6+ Bxf6 19. dxc4 bxc4 20. Bc1 e4 21. Nd2 Ne5 22. Nxe4 Nd3+ 23. Bxd3 cxd3 24. Qxd3 Bxe4 25. Qxd8 Rcxd8 26. Rg1 Rfe8 27. Bxf4 Bxg2+ 28. Be3 Bf3 29. Rg3 Bh5 30. h4 a6 31. Kf1 Kf7 32. Bg5 Re4 33. Bxf6 gxf6 34. b4 Rd2 35. Kg2 Rf4 36. Rf1 Bg6 37. a4 Bd3 38. Re1 Rfxf2+ 39. Kg1 Rf4 40. Ree3 Bc4 41. Re1 Rxh4 42. b5 axb5 43. axb5 Bxb5 44. Rb1 Rh5 45. c4 Bxc4 46. Rb7+ Ke6 47. Rb6+ Ke5 48. Re3+ Kf4 49. Rxf6+ Kxe3 50. Rf3+ Kd4 51. Rf4+ Kc3 52. Rf3+ Rd3 53. Rf1 Rg3+ 54. Kf2 Bxf1 55. Ke1 Be2 56. Kf2 Rf3+ 57. Ke1 Rf4 58. Kxe2 Re5+ 59. Kd1 Rf1# 0-1


[Site "https://www.chess.com"]

[Event "Early Titled Tuesday Blitz | February 8 2022"]
[White "Ronka, Erik"]
[Black "Pasini, Nicolo"]
[WhiteFideId "505080"]
[BlackFideId "2809600"]
[WhiteElo "2264"]
[BlackElo "2065"]
[Result "1-0"]
[Round "02"]
[TimeControl "180+1"]
[Date "2022.02.08"]
[WhiteClock "0:00:15"]
[BlackClock "0:00:05"]

1. d4 g6 2. Nf3 Bg7 3. g3 c5 4. dxc5 Na6 5. Bg2 Nxc5 6. O-O Nf6 7. c4 O-O 8. Nc3 d6 9. Bf4 Be6 10. Nd2 Nh5 11. Bg5 Bxc3 12. bxc3 Re8 13. e4 Qc8 14. f4 Bg4 15. Bf3 Bxf3 16. Qxf3 Qc6 17. f5 f6 18. Bh6 Nd7 19. g4 Ne5 20. Qe2 Ng7 21. g5 Nh5 22. Nf3 Nxf3+ 23. Rxf3 Rac8 24. gxf6 exf6 25. Qg2 Qxe4 26. Raf1 Kh8 27. h3 Qe2 28. R3f2 Qxc4 29. Kh2 Qc6 30. Qg4 Re4 31. Qf3 Rce8 32. fxg6 hxg6 33. Qg2 Kh7 34. Rg1 g5 35. Bxg5 fxg5 36. Qxg5 R4e5 37. Qg6+ Kh8 38. Qh6# 1-0


[Site "https://www.chess.com"]

[Event "Early Titled Tuesday Blitz | February 8 2022"]
[White "Rozhkov, Viacheslav"]
[Black "Muradov, Soltan"]
[WhiteFideId "4181484"]
[BlackFideId "14002108"]
[WhiteElo "2324"]
[BlackElo "1854"]
[Result "1-0"]
[Round "02"]
[TimeControl "180+1"]
[Date "2022.02.08"]
[WhiteClock "0:00:04"]
[BlackClock "0:00:12"]

1. e4 c5 2. Nf3 d6 3. d4 cxd4 4. Nxd4 Nf6 5. Nc3 e6 6. g4 h6 7. Bg2 Be7 8. O-O Nc6 9. Nxc6 bxc6 10. e5 Nd5 11. Ne4 dxe5 12. c4 Nb6 13. Qe2 O-O 14. b3 c5 15. Rd1 Qc7 16. g5 hxg5 17. Bxg5 Bb7 18. Qh5 f5 19. Bxe7 Bxe4 20. Bd6 Qb7 21. Bxe4 Qxe4 22. Re1 Qc6 23. Bxe5 Nd7 24. Bb2 e5 25. Rad1 Rae8 26. Rd5 Re6 27. Red1 Nb6 28. Rd8 Ree8 29. Rxe8 Rxe8 30. Qxf5 Re6 31. Rd8+ Re8 32. Rxe8+ Qxe8 33. Qxe5 Qg6+ 34. Kf1 Qd3+ 35. Kg2 Qg6+ 36. Qg3 Qe4+ 37. Qf3 Qg6+ 38. Kh3 Qh6+ 39. Kg3 Qg6+ 40. Qg4 Qd3+ 41. f3 Qd6+ 42. Kh3 Qh6+ 43. Qh4 Qe6+ 44. Kg3 Qd6+ 45. Qf4 Qg6+ 46. Kh4 Qh7+ 47. Kg4 Qg6+ 48. Qg5 Qe6+ 49. Kh5 Qf7+ 50. Kh4 Nd7 51. f4 Nf8 52. Kg4 Nh7 53. Qf5 Nf8 54. Qxf7+ Kxf7 55. Kf5 Ne6 56. Ke5 g6 57. h4 Ng7 58. Kd5 Nf5 59. Kxc5 Nxh4 60. Kc6 Ng2 61. Be5 Ke6 62. Kb7 g5 63. c5 gxf4 64. Bd4 f3 65. c6 Ne3 66. Bxe3 Kd5 67. c7 Ke4 68. c8=Q Kd3 69. Qe6 Ke2 70. Bd4+ Kf1 71. Qe3 Kg2 72. Qf2+ Kh3 73. Qxf3+ 1-0


[Site "https://www.chess.com"]

[Event "Early Titled Tuesday Blitz | February 8 2022"]
[White "Rustemov, Alexander"]
[Black "Khripachenko, Alexander"]
[WhiteFideId "4119002"]
[BlackFideId "54184975"]
[WhiteElo "2822"]
[BlackElo "2177"]
[Result "1-0"]
[Round "02"]
[TimeControl "180+1"]
[Date "2022.02.08"]
[WhiteClock "0:00:41"]
[BlackClock "0:00:07"]

1. d4 Nf6 2. c4 g6 3. Nf3 d5 4. cxd5 Nxd5 5. e4 Nb6 6. Nc3 Bg7 7. h3 O-O 8. Be3 Nc6 9. Bb5 Bd7 10. O-O Na5 11. Bxd7 Qxd7 12. b3 Rad8 13. Qe2 Nc6 14. Rfd1 f5 15. e5 Nb4 16. Rac1 N4d5 17. Nxd5 Nxd5 18. Bd2 e6 19. h4 f4 20. b4 Qa4 21. Qc4 h6 22. Ne1 Kh8 23. Nd3 b6 24. b5 Qxc4 25. Rxc4 g5 26. h5 Rd7 27. f3 Rfd8 28. Kf2 Bf8 29. Ke2 Kg7 30. a4 a6 31. bxa6 Ra8 32. Nf2 Rxa6 33. Rdc1 Be7 34. Ng4 Ra7 35. R1c2 Rd8 36. Rc6 Rxa4 37. Rxe6 Rxd4 38. Rg6+ Kf8 39. Nxh6 Bb4 40. Rg8+ Ke7 41. Nf5+ Kf7 42. Rxd8 1-0


[Site "https://www.chess.com"]

[Event "Early Titled Tuesday Blitz | February 8 2022"]
[White "Sadhwani, Raunak"]
[Black "Lodici, Lorenzo"]
[WhiteFideId "35093487"]
[BlackFideId "884189"]
[WhiteElo "2616"]
[BlackElo "2265"]
[Result "1-0"]
[Round "02"]
[TimeControl "180+1"]
[Date "2022.02.08"]
[WhiteClock "0:00:15"]
[BlackClock "0:00:05"]

1. d4 Nf6 2. Nf3 b6 3. c4 Bb7 4. Nc3 Ne4 5. Qc2 Nxc3 6. Qxc3 e6 7. Bf4 Nc6 8. a3 Ne7 9. e3 Ng6 10. Bg3 Bd6 11. Bd3 O-O 12. Qc2 f5 13. Bxd6 cxd6 14. h4 Bxf3 15. gxf3 Nxh4 16. O-O-O Rc8 17. Rh3 d5 18. Rdh1 dxc4 19. Be2 Ng6 20. Rxh7 b5 21. f4 Qa5 22. Qc3 Qxc3+ 23. bxc3 Ne7 24. Kd2 Nd5 25. R7h2 Nf6 26. Bf3 Kf7 27. Rb1 Rb8 28. Rhh1 d5 29. Rb4 Rb6 30. Rhb1 Rfb8 31. Kc2 a5 32. R4b2 Ke7 33. Rg1 Kf7 34. Rgb1 R8b7 35. Bd1 Ne4 36. f3 Nf6 37. Kd2 Nd7 38. Bc2 Nb8 39. Ba4 b4 40. axb4 axb4 41. Rxb4 Rxb4 42. cxb4 Na6 43. b5 Nc7 44. Kc3 Ke7 45. Kb4 Kd6 46. Rg1 Na8 47. Rg6 Nb6 48. Bc2 Ra7 49. Bxf5 Ra4+ 50. Kc3 Ra3+ 51. Kd2 Ra2+ 52. Ke1 Na4 53. Rxe6+ Kc7 54. Rc6+ Kb7 55. e4 Nc3 56. exd5 Nxd5 57. Be4 Ra1+ 58. Kf2 Nb6 59. Rxc4+ Kb8 60. Rc6 Nd7 61. Rg6 Ra5 62. Rxg7 Nb6 63. Rb7+ 1-0


[Site "https://www.chess.com"]

[Event "Early Titled Tuesday Blitz | February 8 2022"]
[White "Sahil, Tickoo"]
[Black "Vivas Zamora, Fabian Ernesto"]
[WhiteFideId "5019710"]
[BlackFideId "3902480"]
[WhiteElo "2099"]
[BlackElo "1966"]
[Result "1-0"]
[Round "02"]
[TimeControl "180+1"]
[Date "2022.02.08"]
[WhiteClock "0:00:55"]
[BlackClock "0:00:01"]

1. d4 Nf6 2. Bf4 g6 3. e3 Bg7 4. h4 c5 5. c3 h5 6. Nf3 b6 7. a4 Nc6 8. Nbd2 Bb7 9. Ne5 O-O 10. Ndf3 Nxe5 11. Bxe5 d6 12. Bg3 Ne4 13. Bf4 Qc7 14. Be2 e5 15. Bh2 cxd4 16. cxd4 Rac8 17. O-O Qc2 18. dxe5 dxe5 19. Bxe5 Rfd8 20. Qxc2 Rxc2 21. Bxg7 Kxg7 22. Rad1 Rxd1 23. Bxd1 Rxb2 24. Nd4 Nc3 25. Bb3 Ba6 26. Rc1 Ne2+ 27. Nxe2 Rxb3 28. Nd4 Ra3 29. Rc7 Rxa4 30. Rxa7 Bb5 31. Nxb5 Rxa7 32. Nxa7 1-0


[Site "https://www.chess.com"]

[Event "Early Titled Tuesday Blitz | February 8 2022"]
[White "Samaganova, Aleksandra"]
[Black "Baches Garcia, Guillermo"]
[WhiteFideId "13800221"]
[BlackFideId "2209764"]
[WhiteElo "1859"]
[BlackElo "2446"]
[Result "0-1"]
[Round "02"]
[TimeControl "180+1"]
[Date "2022.02.08"]
[WhiteClock "0:00:01"]
[BlackClock "0:00:17"]

1. c4 e6 2. Nc3 d5 3. e3 Nf6 4. Nf3 c5 5. d4 cxd4 6. exd4 Bb4 7. Bd3 dxc4 8. Bxc4 O-O 9. O-O Bd7 10. Ne5 Bc6 11. Bg5 Be7 12. Re1 Nbd7 13. Nxc6 bxc6 14. Rc1 Nb6 15. Bd3 g6 16. Bb1 Nbd5 17. h3 Qb6 18. Na4 Qb5 19. b3 Rfd8 20. Bd3 Qb4 21. Rc4 Qb7 22. Qc1 Rac8 23. Nc5 Qb6 24. Ra4 Re8 25. Ra6 Qc7 26. Qa3 Ra8 27. Qa4 Rec8 28. b4 Kg7 29. a3 Nb6 30. Qc2 Nfd5 31. Bxe7 Qxe7 32. Be4 Qf6 33. Qd2 Rd8 34. Bf3 Nc7 35. Ne4 Qxd4 36. Qxd4+ Rxd4 37. Ra5 Ncd5 38. Rc5 Rc8 39. Rec1 Ne7 40. b5 Nd7 41. R5c2 c5 0-1


[Site "https://www.chess.com"]

[Event "Early Titled Tuesday Blitz | February 8 2022"]
[White "Samunenkov, Ihor"]
[Black "Manukyan, Artyom"]
[WhiteFideId "14187086"]
[BlackFideId "13305786"]
[WhiteElo "2406"]
[BlackElo "2034"]
[Result "1-0"]
[Round "02"]
[TimeControl "180+1"]
[Date "2022.02.08"]
[WhiteClock "0:00:05"]
[BlackClock "0:00:04"]

1. d4 d5 2. c4 e6 3. Nc3 Nf6 4. cxd5 exd5 5. Bg5 c6 6. e3 Qb6 7. Qc2 Ne4 8. Nxe4 dxe4 9. Bf4 Bb4+ 10. Kd1 Bf5 11. a3 Be7 12. Bc4 O-O 13. Ne2 Nd7 14. Nc3 Nf6 15. Ke2 Bg4+ 16. f3 exf3+ 17. gxf3 Bh5 18. Kf2 Rac8 19. Rad1 Bg6 20. e4 Nh5 21. Be3 Bh4+ 22. Kg2 Qc7 23. Qd2 Kh8 24. Rhf1 Rcd8 25. Qc1 Qe7 26. Kh1 f5 27. e5 f4 28. Bf2 Bxf2 29. Rxf2 Qh4 30. Kg1 c5 31. dxc5 Qg5+ 32. Kf1 Qxe5 33. Rxd8 Rxd8 34. Rd2 Rf8 35. Rd5 Qe7 36. Qe1 Qf6 37. Rd7 Bf5 38. Rd6 Bh3+ 39. Ke2 Re8+ 40. Kd2 Qf8 41. Qh4 Bf5 42. Qxh5 Bg6 43. Qd5 b6 44. b4 bxc5 45. bxc5 Rb8 46. Bb3 a5 47. a4 Re8 48. c6 Qe7 49. Ne4 Bxe4 50. fxe4 Qh4 51. Rd8 Qf2+ 52. Kc3 Qe3+ 53. Kc4 Qc1+ 54. Kb5 Qf1+ 55. Kb6 Qf2+ 56. Kb7 1-0


[Site "https://www.chess.com"]